[Event "*** Titled Tuesday Blitz"]
[Site "Chess.com"]
[Date "2021.02.16"]
[Round "4"]
[White "pirulillo"]
[Black "NovikovaGalina"]
[Result "0-1"]
[WhiteElo "2157"]
[BlackElo "2412"]
[TimeControl "180+1"]
[EndTime "10:40:11 PST"]
[Termination "NovikovaGalina won by checkmate"]

1. e4 e6 2. d3 d5 3. Nd2 Nf6 4.
Ngf3 g6 5. g3 Bg7 6. Bg2 O-O 7.
O-O c5 8. Re1 Nc6 9. Qe2 a5 10. a4 b6 11. Nf1 Ba6 12. e5 Nd7 13. Bf4 Rc8 14. h4 Nd4 15. Nxd4 cxd4 16. Nh2 Qc7 17.
Rac1 Qc6 18. b3 b5 19. axb5 Bxb5 20. Nf3 Qb6 21. Ra1 Rc7 22. Rec1 Ra8 23. h5 a4 24. h6 Bf8 25. Nh2 Rca7 26. bxa4 Rxa4 27. Rxa4 Bxa4 28. Ng4 Rc8 29. Bf1 Qb2 30. Bg5 Rxc2 31. Rxc2 Qxc2 32. Qf3 Qd1 33. Nf6+ Nxf6 34. Qxf6 Bc2 35.
Qd8 Bxd3 36. Be7 Qxf1+ 37. Kh2 Qxf2+ 38. Kh3 Bf1+ 39. Kh4 Qh2+ 40. Kg4 Qh5+ 41. Kf4 Qf5# 0-1

[Event "*** Titled Tuesday Blitz"]
[Site "Chess.com"]
[Date "2021.02.16"]
[Round "4"]
[White "Eltaj_Safarli"]
[Black "Nikolakis2014"]
[Result "1-0"]
[WhiteElo "2923"]
[BlackElo "2638"]
[TimeControl "180+1"]
[EndTime "10:40:13 PST"]
[Termination "Eltaj_Safarli won by resignation"]

1. e4 c6 2. d4 d5 3. exd5 cxd5 4. c4 Nf6 5. Nc3 Nc6 6. Bg5 Be6 7. Be2 Qa5 8. Nf3 Ne4 9. O-O Nxc3 10. bxc3 dxc4 11.
Rb1 O-O-O 12. a4 Qxc3 13. Bd2 Qa3 14. Qc2 Bd5 15. Bxc4 e6 16. Bxd5 Rxd5 17. Ne5 Qd6 18. Nxf7 Qc7 19. Nxh8 Bd6 20. Qxh7 Kb8 21. Ng6 a6 22.
Be3 Qf7 23. Ne5 1-0

[Event "*** Titled Tuesday Blitz"]
[Site "Chess.com"]
[Date "2021.02.16"]
[Round "4"]
[White "Aslanov_Umid"]
[Black "johnathan113"]
[Result "0-1"]
[WhiteElo "2342"]
[BlackElo "2610"]
[TimeControl "180+1"]
[EndTime "10:40:13 PST"]
[Termination "johnathan113 won by resignation"]

1. e4 c5 2. Nf3 d6 3. d4 cxd4 4. Nxd4 Nf6 5. Nc3 Nc6 6. Bc4 e6 7. Bb3 Be7 8. Be3 Bd7 9. f3 Na5 10. Qe2 O-O 11. g4 Nxb3 12. Nxb3 a5 13. h4 a4 14. Nd4 a3 15. b3 Qc7 16. Ncb5 Qa5+ 17. Bd2 Qb6 18. h5 Rfc8 19. g5 Ne8 20. g6 Bf6 21. c3 e5 22. gxf7+ Kxf7 23. Be3 exd4 24.
Nxd4 Rxc3 25. Rd1 Rac8 26. Nf5 Rxe3 27. Nxe3 Bb5 28. Nc4 Bxc4 29. bxc4 Qb4+ 30. Kf1 Rxc4 31. Qd3 Rd4 0-1

[Event "*** Titled Tuesday Blitz"]
[Site "Chess.com"]
[Date "2021.02.16"]
[Round "4"]
[White "Walter_White_Poland"]
[Black "night_player"]
[Result "1-0"]
[WhiteElo "2354"]
[BlackElo "2150"]
[TimeControl "180+1"]
[EndTime "10:40:15 PST"]
[Termination "Walter_White_Poland won by resignation"]

1. e4 c5 2. Nf3 Nc6 3. d4 cxd4 4. Nxd4 e5 5. Nb5 d6 6. c4 Be7 7. Be2 Nf6 8. N1c3 a6 9. Na3 O-O 10. O-O Be6 11. Be3 Nb8 12. f3 Nbd7 13. Nd5 Bxd5 14.
cxd5 Ne8 15. Nc4 Bg5 16. Bxg5 Qxg5 17. Qc1 Qxc1 18. Rfxc1 Rc8 19. a4 f5 20. b4 fxe4 21.
fxe4 Rf4 22. Nd2 Rxc1+ 23. Rxc1 Ndf6 24. g3 Rxe4 25. Nxe4 Nxe4 26. Rc8 Kf7 27. Rb8 b5 28. axb5 axb5 29. Bxb5 N8f6 30. Bc6 Nc3 31. b5 Nfxd5 32. Bxd5+ Nxd5 33. b6 Ke7 34. b7 1-0

[Event "*** Titled Tuesday Blitz"]
[Site "Chess.com"]
[Date "2021.02.16"]
[Round "4"]
[White "pavelalexandru07"]
[Black "rynos0411"]
[Result "0-1"]
[WhiteElo "2321"]
[BlackElo "2466"]
[TimeControl "180+1"]
[EndTime "10:40:16 PST"]
[Termination "rynos0411 won by resignation"]

1. e4 c6 2. d4 d5 3. Nc3 dxe4 4.
Nxe4 Nf6 5. Nc3 Bf5 6. Nf3 e6 7. Bd3 Bxd3 8. Qxd3 Nbd7 9. Be3 Be7 10. O-O-O b5 11. g4 Nxg4 12. Rhg1 Nxe3 13. fxe3 g6 14.
e4 b4 15. Ne2 Qc7 16. Kb1 O-O 17.
h4 c5 18. d5 exd5 19. exd5 Bf6 20. Rdf1 Bg7 21. h5 Ne5 22. Nxe5 Qxe5 23. c3 Rad8 24.
hxg6 hxg6 25. Rd1 Rd6 26. Rge1 Rfd8 27. Qc2 Rxd5 28. Nd4 Qd6 29. Nb5 Rxd1+ 30. Rxd1 Qxd1+ 31. Qxd1 Rxd1+ 32. Kc2 0-1

[Event "*** Titled Tuesday Blitz"]
[Site "Chess.com"]
[Date "2021.02.16"]
[Round "4"]
[White "HElissalt"]
[Black "ketster"]
[Result "0-1"]
[WhiteElo "2224"]
[BlackElo "2449"]
[TimeControl "180+1"]
[EndTime "10:40:16 PST"]
[Termination "ketster won by resignation"]

1. d4 Nf6 2. c4 e6 3. Nf3 d5 4. Nc3 dxc4 5. e4 b5 6. e5 Nd5 7. Nxb5 Nb6 8. Be2 Be7 9. O-O Bb7 10. Be3 Nc6 11. Nc3 O-O 12. Na4 Nb4 13. Nxb6 axb6 14. Bxc4 Nd5 15. a3 Qd7 16. Qd3 Rfd8 17. Rfd1 Ra5 18. Bb3 Qc8 19. Rac1 Rd7 20. Nd2 Qa8 21. f3 Nxe3 22. Qxe3 b5 23. Ne4 b4 24. a4 Bd5 25. Bxd5 exd5 26. Nc5 Bxc5 27. Rxc5 Rxc5 28.
dxc5 Qxa4 29. e6 Qxd1+ 0-1

[Event "*** Titled Tuesday Blitz"]
[Site "Chess.com"]
[Date "2021.02.16"]
[Round "4"]
[White "semchik73"]
[Black "erdni1993"]
[Result "1-0"]
[WhiteElo "2357"]
[BlackElo "2456"]
[TimeControl "180+1"]
[EndTime "10:40:17 PST"]
[Termination "semchik73 won by resignation"]

1. Nf3 c5 2. c4 g6 3. Nc3 Bg7 4. d4 cxd4 5. Nxd4 Nc6 6. e3 Nf6 7. Be2 O-O 8. O-O Nxd4 9. exd4 d5 10. Be3 Be6 11. c5 b6 12. b4 a5 13. a3 Ne4 14.
Nxe4 dxe4 15. cxb6 axb4 16. axb4 Rxa1 17. Qxa1 Qxb6 18.
Qa5 Qd6 19. Qc5 Rb8 20. b5 Bd5 21. Rb1 f5 22. g3 Rb6 23. Bf4 Qe6 24. Bc7 Rb7 25.
b6 Ba2 26. Ra1 Bd5 27. Ra5 e3 28. Qxd5 exf2+ 29. Kxf2 Qxd5 30. Rxd5 e6 31. Rd8+ Kf7 32. Ba6 1-0

[Event "*** Titled Tuesday Blitz"]
[Site "Chess.com"]
[Date "2021.02.16"]
[Round "4"]
[White "jefferyx"]
[Black "nrvisakh"]
[Result "1/2-1/2"]
[WhiteElo "2979"]
[BlackElo "2782"]
[TimeControl "180+1"]
[EndTime "10:40:18 PST"]
[Termination "Game drawn by agreement"]

1. d4 Nf6 2. c4 e6 3. Nc3 d5 4.
Bg5 Be7 5. e3 O-O 6. Rc1 c6 7. Nf3 Nbd7 8. cxd5 Nxd5 9. Bxe7 Qxe7 10. Bd3 Nxc3 11. Rxc3 e5 12. Qc2 g6 13. O-O Re8 14.
Nxe5 Nxe5 15. dxe5 Qxe5 16. b4 a6 17. a4 Be6 18.
Rc1 Rad8 19. Bf1 Bf5 20. Qb3 Rd2 21. b5 axb5 22. axb5 cxb5 23. Rc5 Qf6 24. Qb4 Rb2 25.
Qf4 b6 26. Rc6 Qe5 27. Qxe5 Rxe5 28. Rxb6 Be6 29. f4 Rxe3 30. Rxb5 Rxb5 31. Bxb5 Re4 32. g3 Rb4 33. Bd3 Rb3 34. Be4 Kg7 35. Kf2 Rb2+ 36.
Rc2 Rxc2+ 37. Bxc2 Kf6 1/2-1/2

[Event "*** Titled Tuesday Blitz"]
[Site "Chess.com"]
[Date "2021.02.16"]
[Round "4"]
[White "picturesquecheck"]
[Black "Lysiak_Poltorak"]
[Result "0-1"]
[WhiteElo "2241"]
[BlackElo "2434"]
[TimeControl "180+1"]
[EndTime "10:40:25 PST"]
[Termination "Lysiak_Poltorak won by resignation"]

1. e4 c5 2. Nf3 Nc6 3. d4 cxd4 4. Nxd4 Nf6 5. Nc3 e5 6. Ndb5 d6 7. Bg5 a6 8. Na3 b5 9. Nd5 Be7 10. Bxf6 Bxf6 11. c3 Ne7 12. Nxe7 Bxe7 13. Nc2 Bb7 14. Bd3 d5 15. exd5 Qxd5 16. Ne3 Qe6 17. O-O O-O 18. Qc2 h6 19. Rfe1 Rfd8 20. Be4 Bxe4 21. Qxe4 Rac8 22. Rad1 Bc5 23. Nf5 Rxd1 24. Rxd1 Qf6 25. a4 bxa4 26. Qg4 Re8 27. Qxa4 Bxf2+ 28. Kxf2 Qxf5+ 29. Kg1 Qe6 30. Ra1 Rd8 31. Qxa6 Rd1+ 32.
Kf2 Qf5+ 33. Ke2 Qf1+ 0-1

[Event "*** Titled Tuesday Blitz"]
[Site "Chess.com"]
[Date "2021.02.16"]
[Round "4"]
[White "SergeyShtyka"]
[Black "Frolyanov_D"]
[Result "0-1"]
[WhiteElo "2473"]
[BlackElo "2654"]
[TimeControl "180+1"]
[EndTime "10:40:26 PST"]
[Termination "Frolyanov_D won by resignation"]

1. e4 c5 2. Nf3 e6 3. d4 cxd4 4. Nxd4 a6 5. Nc3 Qc7 6. Bd3 b5 7. Be3 Nf6 8. O-O d6 9. f4 Nbd7 10. Qf3 Bb7 11. a3 h5 12. h3 g6 13. Rae1 Bg7 14.
Kh2 Ng4+ 15. Kh1 Nxe3 16. Qxe3 Qb6 17. e5 dxe5 18. fxe5 O-O 19. Nf3 Qxe3 20. Rxe3 Bxf3 21. Rexf3 Nxe5 22. Re3 Nxd3 23. Rxd3 Rac8 24. Rff3 Rfd8 25.
Kg1 Rxd3 26. Rxd3 Bxc3 27. bxc3 Rc4 28. Kf2 Ra4 29. Ke3 Rxa3 30. Kd4 Ra2 31. Rd2 Ra4+ 32. Ke5 Kg7 33. Rd7 Rc4 34. Rd3 a5 0-1

[Event "*** Titled Tuesday Blitz"]
[Site "Chess.com"]
[Date "2021.02.16"]
[Round "4"]
[White "bogcsab"]
[Black "Julianos82"]
[Result "0-1"]
[WhiteElo "2162"]
[BlackElo "2353"]
[TimeControl "180+1"]
[EndTime "10:40:27 PST"]
[Termination "Julianos82 won on time"]

1. d4 d5 2. Nf3 c6 3. g3 Bg4 4.
Bg2 Nd7 5. O-O e6 6. e3 Bd6 7. Qe2 f5 8. c4 Ngf6 9. b3 Ne4 10.
Bb2 O-O 11. Nbd2 Qf6 12. h3 Bh5 13. Qd3 Rae8 14. Ne1 Qh6 15. Kh2 Bg4 16. f4 Rf6 17.
Nxe4 fxe4 18. Qd2 Ref8 19. Rh1 g5 20. Kg1 Bh5 21. cxd5 exd5 22. Bf1 Kh8 23. Be2 gxf4 24. exf4 Bxf4 0-1

[Event "*** Titled Tuesday Blitz"]
[Site "Chess.com"]
[Date "2021.02.16"]
[Round "4"]
[White "lamomiablanca"]
[Black "BursaBBSatranc"]
[Result "1-0"]
[WhiteElo "2313"]
[BlackElo "2587"]
[TimeControl "180+1"]
[EndTime "10:40:28 PST"]
[Termination "lamomiablanca won by resignation"]

1. e4 e5 2. Nf3 Nf6 3. Nc3 Nc6 4. d4 exd4 5. Nxd4 Nxe4 6. Nxe4 Qe7 7. f3 d5 8. Bb5 Bd7 9. Bxc6 bxc6 10. O-O dxe4 11. Re1 f5 12. fxe4 fxe4 13. Be3 g6 14. Nb3 Bg7 15. c3 O-O 16. Bc5 Qe6 17. Bxf8 Rxf8 18. Nc5 Qf7 19. Nxd7 Rd8 20. Ne5 Rxd1 21. Nxf7 Rd5 22. Rxe4 Kxf7 23. Rf1+ 1-0

[Event "*** Titled Tuesday Blitz"]
[Site "Chess.com"]
[Date "2021.02.16"]
[Round "4"]
[White "Kaslask"]
[Black "Ranindu2003"]
[Result "0-1"]
[WhiteElo "2246"]
[BlackElo "2570"]
[TimeControl "180+1"]
[EndTime "10:40:30 PST"]
[Termination "Ranindu2003 won by resignation"]

1. d4 d5 2. c4 e6 3. Nc3 a6 4. cxd5 exd5 5. Bf4 Nf6 6. e3 Bd6 7. Bg3 O-O 8. Bd3 Re8 9. Nf3 c6 10. Qc2 Bg4 11. Ne5 Bh5 12. f4 c5 13. O-O Nc6 14.
Rae1 cxd4 15. Nxc6 bxc6 16. exd4 Qb6 17. Bf2 Bxf4 18. Na4 Qc7 19. g3 Bd6 20. Nc5 Ng4 21. Rxe8+ Rxe8 22. Nxa6 Qb6 23. Nc5 h6 24. a3 Qc7 25. Bf5 Ne3 26. Bxe3 Rxe3 27. Qf2 Qe7 28. Bh3 Re2 29. Qf5 Qe3+ 30. Kh1 Rxh2+ 0-1

[Event "*** Titled Tuesday Blitz"]
[Site "Chess.com"]
[Date "2021.02.16"]
[Round "4"]
[White "ybruned"]
[Black "BairaKovanova"]
[Result "0-1"]
[WhiteElo "2310"]
[BlackElo "2463"]
[TimeControl "180+1"]
[EndTime "10:40:32 PST"]
[Termination "BairaKovanova won by resignation"]

1. b3 e5 2. Bb2 d6 3. e3 Nd7 4. d4 Ngf6 5. dxe5 dxe5 6. Nc3 Bd6 7. Qe2 O-O 8. O-O-O Qe7 9. g4 Ba3 10. g5 Bxb2+ 11.
Kxb2 Ne8 12. Nd5 Qc5 13. Qc4 c6 14. Qxc5 Nxc5 15. Ne7+ Kh8 16. Nxc8 Rxc8 17. Bg2 Nc7 18. Ne2 N7e6 19. h4 Rcd8 20. Nc3 a5 21. a3 f6 22. Rxd8 Rxd8 23. gxf6 gxf6 24. Rd1 Rxd1 25. Nxd1 Kg7 26.
b4 axb4 27. axb4 Na6 28. Kb3 Nac7 29. c4 Kh6 30. Bf3 f5 31. Nc3 e4 32. Be2 Ne8 33.
c5 Nf6 34. Kc4 f4 35. exf4 Nxf4 36. Bd1 Nd3 37. Nxe4 Nxe4 38. Kxd3 Nxf2+ 0-1

[Event "*** Titled Tuesday Blitz"]
[Site "Chess.com"]
[Date "2021.02.16"]
[Round "4"]
[White "MIJuanReyesRosa"]
[Black "Nemsko"]
[Result "0-1"]
[WhiteElo "2124"]
[BlackElo "2341"]
[TimeControl "180+1"]
[EndTime "10:40:32 PST"]
[Termination "Nemsko won on time"]

1. d4 Nf6 2. Nf3 d5 3. c4 e6 4. Nc3 Bb4 5. Bg5 O-O 6. e3 c6 7.
Bd3 h6 8. Bh4 Nbd7 9. O-O b6 10.
Ne5 Qc7 11. cxd5 exd5 12. Rc1 Nxe5 13. Bxf6 Nxd3 14. Qxd3 gxf6 15. Nxd5 Qd6 16. Nxb4 Qxb4 17. Rxc6 Qe7 18. e4 Bb7 19. Qg3+ Kh7 20. Rc7 Qxe4 21.
Rfc1 Rac8 22. h4 Rxc7 23. Rxc7 Bd5 24. Rd7 Rg8 0-1

[Event "*** Titled Tuesday Blitz"]
[Site "Chess.com"]
[Date "2021.02.16"]
[Round "4"]
[White "KruHor"]
[Black "sergiochess83"]
[Result "0-1"]
[WhiteElo "2539"]
[BlackElo "2840"]
[TimeControl "180+1"]
[EndTime "10:40:37 PST"]
[Termination "sergiochess83 won by resignation"]

1. e4 c5 2. Nf3 d6 3. Bc4 e6 4.
O-O Nf6 5. Re1 Be7 6. c3 O-O 7. Bf1 b6 8. d4 Bb7 9. Nbd2 Nbd7 10. b3 Rc8 11. Bb2 Rc7 12. h3 cxd4 13.
cxd4 Qa8 14. Bd3 Rfc8 15. Qe2 Nf8 16. a4 Ng6 17. Qe3 a5 18. Nh2 Ba6 19. Bxa6 Qxa6 20.
Nhf3 Rc2 21. Rab1 d5 22. e5 Nd7 23. Red1 h6 24. g3 Bb4 25. Ne1 Rxb2 26. Rxb2 Rc3 27. Nd3 Rxd3 28. Qe1 Rxd4 29. Qf1 Qxf1+ 30. Kxf1 Ngxe5 31.
Ke2 Nc5 32. Rc2 g5 33. Rdc1 Rxd2+ 0-1

[Event "*** Titled Tuesday Blitz"]
[Site "Chess.com"]
[Date "2021.02.16"]
[Round "4"]
[White "Kapitan_Bayan"]
[Black "BrianEscalante"]
[Result "1-0"]
[WhiteElo "2473"]
[BlackElo "2613"]
[TimeControl "180+1"]
[EndTime "10:40:37 PST"]
[Termination "Kapitan_Bayan won on time"]

1. d4 e6 2. c4 Nf6 3. Nc3 c5 4.
d5 exd5 5. cxd5 d6 6. Nf3 g6 7.
Nd2 Bg7 8. Nc4 O-O 9. Bf4 Ne8 10. Nb5 Bxb2 11. Rb1 Bg7 12. Ncxd6 Nxd6 13. Bxd6 Qxd6 14. Nxd6 Bc3+ 15. Qd2 Bxd2+ 16. Kxd2 b6 17. e4 Ba6 18. Bxa6 Nxa6 19. Rhd1 Rad8 20. Nb5 f5 21. f3 1-0

[Event "*** Titled Tuesday Blitz"]
[Site "Chess.com"]
[Date "2021.02.16"]
[Round "4"]
[White "mikolka1985"]
[Black "NewBornNow"]
[Result "1-0"]
[WhiteElo "2618"]
[BlackElo "2767"]
[TimeControl "180+1"]
[EndTime "10:40:38 PST"]
[Termination "mikolka1985 won by resignation"]

1. d4 Nf6 2. c4 g6 3. Nc3 Bg7 4. e4 d6 5. Nf3 O-O 6. h3 e5 7. d5 Nbd7 8. Be3 Nc5 9. Nd2 a5 10. g4 Ne8 11. h4 f5 12. g5 f4 13. Bxc5 dxc5 14. Bh3 Nd6 15. Qf3 h6 16. gxh6 Bxh6 17.
O-O-O Kh7 18. Rdg1 Qf6 19. Bxc8 Raxc8 20. Rg4 Rg8 21. Rhg1 Rg7 22. Kb1 Rcg8 23. Qd3 g5 24.
h5 Qf7 25. Nf3 Qf6 26. Nh2 Qf7 27. Nf3 Qe7 28. b3 Ne8 29. Nh2 Nf6 30. Qh3 c6 31.
f3 cxd5 32. Nxd5 Nxd5 33. cxd5 c4 34. R4g2 cxb3 35. axb3 Qa3 36. Rb2 Rf8 37. Qe6 Re7 38. Qg6+ Kh8 39. Qxh6+ Rh7 40. Qe6 Rxh5 41. Ng4 Qc5 42.
Rc1 Qb5 43. Qxe5+ Kg8 44. Nf6+ 1-0

[Event "*** Titled Tuesday Blitz"]
[Site "Chess.com"]
[Date "2021.02.16"]
[Round "4"]
[White "Ekose"]
[Black "DrVelja"]
[Result "0-1"]
[WhiteElo "2630"]
[BlackElo "2877"]
[TimeControl "180+1"]
[EndTime "10:40:39 PST"]
[Termination "DrVelja won on time"]

1. Nf3 Nf6 2. e3 g6 3. c4 Bg7 4.
d4 O-O 5. Nc3 d6 6. Be2 b6 7.
O-O Bb7 8. b3 Ne4 9. Bb2 Nxc3 10. Bxc3 Nd7 11. Qc2 Re8 12. Rad1 e5 13. dxe5 Nxe5 14.
Nxe5 Bxe5 15. Bxe5 Rxe5 16. Rfe1 Qf6 17. Bf1 Rae8 18.
Qc3 h5 19. f4 R5e6 20. Qxf6 Rxf6 21. Kf2 Rfe6 22. g3 a5 23. Rd3 Kg7 24. Bg2 Bxg2 25. Kxg2 f6 26. Kf3 g5 27. h3 Re4 28. Re2 Kg6 29.
Rd5 R8e7 30. f5+ Kg7 31. Rd4 g4+ 32. hxg4 hxg4+ 33. Kf2 R7e5 34. Rd5 Kh6 0-1

[Event "*** Titled Tuesday Blitz"]
[Site "Chess.com"]
[Date "2021.02.16"]
[Round "4"]
[White "BabyBoss31"]
[Black "HackingKid98"]
[Result "0-1"]
[WhiteElo "2324"]
[BlackElo "2468"]
[TimeControl "180+1"]
[EndTime "10:40:41 PST"]
[Termination "HackingKid98 won by resignation"]

1. d4 d5 2. Bf4 c5 3. e4 dxe4 4. d5 Nf6 5. Nc3 g6 6. Qd2 Bg7 7. O-O-O O-O 8. Nge2 a6 9. Ng3 b5 10. h4 Bg4 11. Be2 Bxe2 12. Qxe2 Qa5 13. Kb1 Nbd7 14.
h5 Nb6 15. hxg6 hxg6 16. Ngxe4 Nc4 17. Bc1 b4 18. Qxc4 bxc3 19. Nxc3 Rab8 20. Rh4 Rb4 21. Rdh1 Rxc4 22. Rxc4 Rb8 23. Ka1 Rb4 24. Rch4 Rxh4 25.
Rxh4 Qd8 26. Ra4 Nxd5 27. Ne4 Nb4 28. Nxc5 Nxc2+ 29. Kb1 Qd1 30. Rc4 Nd4 31. Ne4 0-1

[Event "*** Titled Tuesday Blitz"]
[Site "Chess.com"]
[Date "2021.02.16"]
[Round "4"]
[White "Goryachkina"]
[Black "DanilNajdin"]
[Result "1-0"]
[WhiteElo "2663"]
[BlackElo "2477"]
[TimeControl "180+1"]
[EndTime "10:40:42 PST"]
[Termination "Goryachkina won by resignation"]

1. e4 e5 2. Nf3 Nc6 3. Nc3 Nf6 4. h3 d5 5. exd5 Nxd5 6. Bb5 Nxc3 7. bxc3 Bd6 8. O-O O-O 9. d4 exd4 10. cxd4 Nb4 11. c3 Nd5 12. Bd2 c6 13. Ba4 Qf6 14. Re1 Bf5 15. Ne5 Rfe8 16. Nc4 Bc7 17. Bb3 Qg6 18.
Qf3 Be4 19. Qg4 Qxg4 20. hxg4 Nf4 21. Ne5 Bxe5 22. Rxe4 Bc7 23. Rxf4 Bxf4 24. Bxf4 Re2 25. Kf1 Rae8 26. Be3 Rb2 27. g3 a5 28. Bd1 b5 29.
Bc1 1-0

[Event "*** Titled Tuesday Blitz"]
[Site "Chess.com"]
[Date "2021.02.16"]
[Round "4"]
[White "Klavdia_Nik"]
[Black "Matols"]
[Result "0-1"]
[WhiteElo "2042"]
[BlackElo "2272"]
[TimeControl "180+1"]
[EndTime "10:40:43 PST"]
[Termination "Matols won on time"]

1. Nf3 Nf6 2. c4 e6 3. b3 d5 4. Bb2 Be7 5. g3 O-O 6. Bg2 c5 7.
O-O Nc6 8. d3 b6 9. cxd5 Nxd5 10.
Nbd2 Bb7 11. a3 Rc8 12. Nc4 Bf6 13. Bxf6 Nxf6 14. e4 Nd4 15. e5 Nxf3+ 16. Bxf3 Bxf3 17. Qxf3 Nd5 18. Nd6 Rc7 19. Rac1 f6 20. Qe4 fxe5 21. Qxe5 Qf6 22. d4 cxd4 23. Qxf6 gxf6 24. Rxc7 Nxc7 25. f4 Rd8 26. Ne4 Kf7 27. Rd1 e5 28. Kf2 Nd5 29.
Kf3 Ke6 30. Re1 Rc8 0-1

[Event "*** Titled Tuesday Blitz"]
[Site "Chess.com"]
[Date "2021.02.16"]
[Round "4"]
[White "djano"]
[Black "GregShahade"]
[Result "0-1"]
[WhiteElo "2474"]
[BlackElo "2658"]
[TimeControl "180+1"]
[EndTime "10:40:47 PST"]
[Termination "GregShahade won by resignation"]

1. e4 e5 2. Nf3 Nc6 3. d4 exd4 4. Nxd4 Nf6 5. Nxc6 bxc6 6. e5 Qe7 7. Qe2 Nd5 8. h4 Qe6 9. c4 Nb6 10. b3 a5 11. Nd2 a4 12. Bb2 axb3 13. axb3 Rxa1+ 14. Bxa1 Bb4 15. g3 O-O 16. Bh3 Qh6 17. f4 Qg6 18. Kf2 Qc2 19. Ne4 Qxb3 20. Bf5 d5 21. Bxh7+ Kxh7 22. Qh5+ Kg8 23. Nf6+ gxf6 24. exf6 Qc2+ 25. Kf1 Nxc4 26.
Qg5+ Qg6 27. f5 Bxf5 28. g4 Bd3+ 29. Kf2 Bc5+ 30. Kg3 Re8 0-1

[Event "*** Titled Tuesday Blitz"]
[Site "Chess.com"]
[Date "2021.02.16"]
[Round "4"]
[White "Taran2004"]
[Black "SophieNikoladze"]
[Result "1/2-1/2"]
[WhiteElo "2408"]
[BlackElo "2193"]
[TimeControl "180+1"]
[EndTime "10:40:47 PST"]
[Termination "Game drawn by agreement"]

1. e4 d6 2. d4 Nf6 3. Nc3 e5 4. Nf3 exd4 5. Nxd4 Be7 6. Bc4 O-O 7. O-O a6 8. f3 b5 9. Bb3 c5 10.
Ndxb5 axb5 11. Nxb5 Qb6 12. c4 Rd8 13. a4 Nc6 14.
Bd2 Na7 15. a5 Qb7 16. a6 Qb8 17. Ba5 Nxb5 18. Bxd8 Bxd8 19. cxb5 Qxb5 20. Bd5 Nxd5 21. Qxd5 Rxa6 22. Rxa6 Bxa6 23. Rd1 c4 24. Qxb5 Bxb5 25. Rxd6 Bf6 26. e5 Be7 27. Rd5 Bc6 28. Ra5 g6 29.
Kf2 Bb4 30. Ra6 Bd5 31. Ke3 Be1 32. Kd4 Be6 33. Kc5 Bf2+ 34. Kd6 Bd4 35. Ra8+ Kg7 36.
Rb8 h5 37. h3 Be3 38. g4 hxg4 39. hxg4 g5 40. Rb7 Bd4 41. Rb8 Be3 42. Rb7 Bf4 43.
Rc7 Bc1 44. Rb7 Bd2 45. Rb8 Bc1 46. Rb7 Bf4 47. Rc7 Kg6 48. Rb7 Be3 1/2-1/2

[Event "*** Titled Tuesday Blitz"]
[Site "Chess.com"]
[Date "2021.02.16"]
[Round "4"]
[White "NikolaMa2000"]
[Black "MusicCityMaster"]
[Result "0-1"]
[WhiteElo "1919"]
[BlackElo "2382"]
[TimeControl "180+1"]
[EndTime "10:40:50 PST"]
[Termination "MusicCityMaster won on time"]

1. d4 Nf6 2. c4 c5 3. d5 b5 4. cxb5 a6 5. e3 axb5 6. Bxb5 Qa5+ 7. Nc3 Bb7 8. Bc4 e6 9. Kf1 Qb4 10. Qd3 d6 11. a3 Qb6 12. dxe6 fxe6 13. Bxe6 Qc6 14.
Nf3 d5 15. Qf5 Be7 16. Ne5 Qa6+ 17. Kg1 Rf8 18. Qh3 d4 19. exd4 cxd4 20. Nd1 Qe2 21. Bd2 Qxe5 0-1

[Event "*** Titled Tuesday Blitz"]
[Site "Chess.com"]
[Date "2021.02.16"]
[Round "4"]
[White "LuisFSiles"]
[Black "Eliwood44"]
[Result "0-1"]
[WhiteElo "2309"]
[BlackElo "2462"]
[TimeControl "180+1"]
[EndTime "10:40:51 PST"]
[Termination "Eliwood44 won by resignation"]

1. e4 e5 2. Nf3 Nc6 3. Bc4 Nf6 4.
d4 exd4 5. O-O Nxe4 6. Nc3 Nxc3 7.
bxc3 d5 8. Bb5 dxc3 9. Re1+ Be7 10. Bxc6+ bxc6 11. Ba3 Be6 12. Bxe7 Qxe7 13. Nd4 O-O 14. Nxc6 Qd6 15. Ne5 f6 16. Nf3 Bf7 17. Qd3 Qc5 18. Nd4 Rfe8 19. h4 Bg6 20. Nf5 Re4 21. Rxe4 dxe4 22.
Qxe4 Re8 23. Qa4 Qxf5 24. Rd1 Qxc2 25. Qd4 h5 26. Qd5+ Kh7 27. g4 Re5 28. Qf3 hxg4 29. Qxg4 Bh5 0-1

[Event "*** Titled Tuesday Blitz"]
[Site "Chess.com"]
[Date "2021.02.16"]
[Round "4"]
[White "sara_khm"]
[Black "exoticprincess"]
[Result "0-1"]
[WhiteElo "2638"]
[BlackElo "2914"]
[TimeControl "180+1"]
[EndTime "10:40:54 PST"]
[Termination "exoticprincess won by resignation"]

1. d4 d5 2. c4 c6 3. Nf3 Nf6 4. e3 Bf5 5. Nc3 e6 6. Nh4 g6 7. Be2 h5 8. Qb3 Qe7 9. Bd2 Ne4 10. Nxf5 gxf5 11. Nxe4 fxe4 12. h4 a5 13. a4 Bg7 14.
Qd1 Na6 15. c5 Nc7 16. Bxh5 e5 17. Bc3 exd4 18. exd4 Ne6 19. g3 O-O-O 20. Bg4 Kb8 21. Bxa5 Nxd4 22. Bb6 f5 23. Be2 f4 24. Qd2 e3 25.
fxe3 Nb3 26. Qb4 Qxe3 27. Ra3 Rde8 28. Qxf4+ Qxf4 29. gxf4 Nd4 0-1

[Event "*** Titled Tuesday Blitz"]
[Site "Chess.com"]
[Date "2021.02.16"]
[Round "4"]
[White "Tashik"]
[Black "ElCoachRene"]
[Result "1-0"]
[WhiteElo "2431"]
[BlackElo "2208"]
[TimeControl "180+1"]
[EndTime "10:40:54 PST"]
[Termination "Tashik won by resignation"]

1. c4 Nc6 2. Nf3 e5 3. Nc3 f5 4.
g3 Nf6 5. d4 e4 6. d5 exf3 7.
dxc6 fxe2 8. Qxe2+ Qe7 9. cxd7+ Bxd7 10. Qxe7+ Bxe7 11. Bg2 O-O-O 12. O-O Bb4 13. Be3 a6 14. Rac1 Bc6 15. Bxc6 bxc6 16. h3 Rd3 17. Ne2 Bd2 18.
Rcd1 Rhd8 19. Nf4 R3d7 20. Ne6 Re8 21. Nc5 Bxe3 22. Nxd7 Nxd7 23. Rfe1 Bxf2+ 24. Kxf2 Rd8 25. Re7 g6 26. Rxh7 Nf6 27. Rxd8+ Kxd8 28. Rg7 Ne4+ 29. Kg2 g5 30. h4 gxh4 31. gxh4 Nd6 32. b3 Ne4 33. h5 f4 34. h6 Nf6 35. h7 1-0

[Event "*** Titled Tuesday Blitz"]
[Site "Chess.com"]
[Date "2021.02.16"]
[Round "4"]
[White "youngKID"]
[Black "goldihouse"]
[Result "0-1"]
[WhiteElo "2815"]
[BlackElo "2553"]
[TimeControl "180+1"]
[EndTime "10:40:55 PST"]
[Termination "goldihouse won on time"]

1. e4 e6 2. d3 d5 3. Nd2 Nf6 4. g3 dxe4 5. dxe4 Bc5 6. Bg2 e5 7. Ngf3 O-O 8. O-O Nc6 9. c3 a5 10. h3 b6 11. Re1 Ba6 12. Bf1 Bxf1 13. Nxf1 Qxd1 14. Rxd1 Nxe4 15. Be3 Rad8 16. Re1 f6 17. a4 Kf7 18. Kg2 Rd3 19. Re2 Rfd8 20. g4 Rd1 21.
Ra2 R1d7 22. Ra1 Bxe3 23. Nxe3 Nc5 24. Kh2 Nd3 25. Ng2 h6 26. h4 Nc5 27. h5 Rd3 28. Nfh4 Rd2 29. Rae1 Rxe2 30. Rxe2 Nxa4 31. f4 Nc5 32.
Nf5 Ne6 33. fxe5 Nxe5 34. Nge3 Nf4 0-1

[Event "*** Titled Tuesday Blitz"]
[Site "Chess.com"]
[Date "2021.02.16"]
[Round "4"]
[White "Elprofessor21"]
[Black "Markov_Mikhail"]
[Result "0-1"]
[WhiteElo "2481"]
[BlackElo "2692"]
[TimeControl "180+1"]
[EndTime "10:40:55 PST"]
[Termination "Markov_Mikhail won on time"]

1. d4 Nf6 2. Nf3 e6 3. c4 d5 4.
Nc3 Be7 5. Bf4 O-O 6. e3 Nbd7 7. cxd5 exd5 8. Bd3 c5 9. O-O a6 10. dxc5 Nxc5 11. Bc2 b5 12. h3 Bb7 13. Rc1 Re8 14. Nd4 Bf8 15. Nce2 Nfe4 16. Bb1 Rc8 17. Bh2 Qf6 18.
Nf4 Bd6 19. Nde2 Qxb2 20. Rc2 Qe5 21. Nd4 Qf6 22. Nf3 Nc3 23. Rxc3 Qxc3 24. Bxh7+ Kxh7 25. Ng5+ Kg8 26. Qh5 Qf6 27. Qh7+ Kf8 28. Qh5 Ke7 29. Nh7 Qb2 30. Qg5+ Kd7 31. Qg4+ Kc7 32. Qg3 Kb8 33. Ng5 Ne4 34. Nxe4 dxe4 35. Rd1 Qe5 36. Qg4 g5 0-1